 Dungeon Crawl Stone Soup version 0.19.1-1-g22dce08 (webtiles) character file.

393 Alarkh the Chopper (level 6, -6/47 HPs)
             Began as a Demonspawn Monk on Jan 12, 2017.
             Mangled by Blork the orc
             ... wielding a +2 short sword of electrocution
              (15 damage)
             ... on level 4 of the Dungeon.
             The game lasted 00:05:18 (3921 turns).

Alarkh the Chopper (Demonspawn Monk)                Turns: 3921, Time: 00:05:19

Health: -6/47      AC:  8    Str: 11    XL:     6   Next: 51%
Magic:  6/6        EV: 15    Int: 13    God:
Gold:   150        SH:  0    Dex: 13    Spells: 0 memorised, 5 levels left

rFire  + . .     SeeInvis .     a - +0 hand axe
rCold  . . .     Gourm    .     b - +0 robe
rNeg   . . .     Faith    .     (no shield)
rPois  .         Spirit   .     k - +0 helmet (curse)
rElec  .         Reflect  .     d - +2 cloak
rCorr  .         Harm     .     (no gloves)
MR     .....                    (no boots)
Stlth  ++........               (no amulet)
                                i - +2 ring of protection
                                o - -3 ring of dexterity (curse)

@: very slightly contaminated, hasted, very quick
A: repulsion field 1, fire resistance 1
a: no special abilities


You were on level 4 of the Dungeon.
You were hungry.

You visited 1 branch of the dungeon, and saw 4 of its levels.

You collected 150 gold pieces.

Inventory:

Hand Weapons
 a - a +0 hand axe (weapon)
Armour
 b - a +0 robe (worn)
 d - a +2 cloak (worn)
 k - a cursed +0 helmet (worn)
Jewellery
 i - a +2 ring of protection (right hand)
 j - an uncursed ring of protection from fire
 o - a cursed -3 ring of dexterity (left hand)
Scrolls
 e - 2 scrolls of identify
 f - a scroll of noise
 l - a scroll of teleportation {unknown}
 p - a scroll of fear {unknown}
 r - a scroll of remove curse {unknown}
 s - a scroll of random uselessness {unknown}
Potions
 h - a potion of flight
Comestibles
 c - 2 bread rations
 m - a beef jerky
 n - 3 meat rations
 q - a royal jelly


   Skills:
 - Level 3.0 Fighting
 + Level 6.8 Axes
 - Level 2.6 Dodging
 - Level 1.7 Stealth


You had 5 spell levels left.
You didn't know any spells.

Dungeon Overview and Level Annotations

Branches:
Dungeon (4/15)
 Temple: D:4-7

Altars:
Okawaru

Annotations:
D:3 HEYYEYAAE's ghost, amateur DrIE
D:4 Blork the orc


Innate Abilities, Weirdness & Mutations

You are surrounded by a mild repulsion field. (EV +2)
Your flesh is heat resistant. (rF+)


Message History

Blork the orc hits you with a short sword of electrocution.
* * * LOW HITPOINT WARNING * * *
The hound barely misses you.
You hit Blork the orc.
Blork the orc is moderately wounded.
You closely miss the hound.
You are feeling hungry.
You hit Blork the orc.
Blork the orc is heavily wounded.
You hit the hound but do no damage. The hound barely misses you.
Blork the orc hits you but does no damage.
You hit Blork the orc but do no damage.
Blork the orc is heavily wounded.
You closely miss the hound. The hound barely misses you.
You hit Blork the orc.
Blork the orc is heavily wounded.
You hit the hound. The hound closely misses you.
Blork the orc hits you but does no damage.
You are electrocuted!
You die...

...........# #........#
...........# #.#<...#.#
...........#####.#.##.#.#
.##....#...........##.#.######
###....#...#####.####........#
###....##### #.........####.#
..<.#### #).######## #.# #####
#.h# #.# # #.@# #.# # #o.#
#.#### # #..# #..... # #..#
##.### # .... ######.### #
##..# #......... . #./#
#.####.### #..# #.... #.###


You could see Blork the orc and a hound.

Vanquished Creatures
  Eustachio (D:4)
  3 wights (D:3)
  An iguana (D:4)
  3 adders (D:2)
  A worm (D:2)
  2 dart slugs (D:1)
  2 leopard geckos (D:2)
  An orc (D:2)
  2 ball pythons
  7 bats
  4 giant cockroaches
  3 goblins
  10 hobgoblins
  3 frilled lizards
  12 kobolds
  9 rats
64 creatures vanquished.

Notes
Turn   | Place    | Note
-------+----------+-------------------------------------------
     0 | D:1      | Alarkh the Demonspawn Monk began the quest for the Orb.
     0 | D:1      | Reached XP level 1. HP: 18/18 MP: 1/1
    20 | D:1      | Reached skill level 3 in Axes
    69 | D:1      | Gained mutation: You are surrounded by a mild repulsion field. (EV +2) [demonic ancestry]
    69 | D:1      | Reached XP level 2. HP: 19/24 MP: 2/2
   358 | D:1      | Reached XP level 3. HP: 29/29 MP: 3/3
  1013 | D:2      | Reached skill level 4 in Axes
  1285 | D:2      | Gained mutation: Your flesh is heat resistant. (rF+) [demonic ancestry]
  1285 | D:2      | Reached XP level 4. HP: 28/35 MP: 4/4
  1891 | D:3      | Noticed HEYYEYAAE's ghost (amateur DrIE)
  2271 | D:3      | Reached skill level 5 in Axes
  2513 | D:3      | Reached XP level 5. HP: 28/41 MP: 5/5
  3244 | D:4      | Reached skill level 6 in Axes
  3515 | D:4      | Noticed Eustachio
  3566 | D:4      | Killed Eustachio
  3566 | D:4      | Reached XP level 6. HP: 18/47 MP: 6/6
  3631 | D:4      | Found an iron altar of Okawaru.
  3902 | D:4      | Noticed Blork the orc
  3921 | D:4      | Mangled by Blork the orc

Skill      XL: |  1  2  3  4  5 |
---------------+----------------+-----
Axes           | 3 4 5 6 |  6.8
Fighting       | |  3.0
Dodging        | |  2.6
Stealth        | |  1.7

Action                   |  1- 3 |  4- 6 || total
-------------------------+-------+-------++-------
Melee: Hand axe          |   132 |   176 ||   308
  Use: Potion            |     2 |    10 ||    12
       Scroll            |     1 |     3 ||     4
 Stab: Sleeping          |     6 |     1 ||     7
       Invisible         |       |     3 ||     3
  Eat: Chunk             |     1 |     9 ||    10
Armor: Robe              |    19 |    30 ||    49
Dodge: Dodged            |   125 |   118 ||   243
